 Dungeon Crawl Stone Soup version 0.30-a0-269-gf0224bf7b6 (webtiles) character file.

Game seed: 11139829504923729605

256 themarg the Trooper (level 5, -3/52 HPs)
             Began as a Minotaur Monk on Oct 15, 2022.
             Splashed by a jelly's acid (9 damage)
             ... on level 4 of the Dungeon.
             The game lasted 00:05:52 (2281 turns).

themarg the Trooper (Minotaur Monk)                 Turns: 2281, Time: 00:05:52

Health: -3/52      AC: -4    Str: 17    XL:     5   Next: 92%
Magic:  4/4        EV:  7    Int:  7    God:
Gold:   229        SH:  0    Dex: 13    Spells: 4/4 levels left

rFire   . . .      SeeInvis .    a - +0 hand axe
rCold   . . .      Faith    .    (no shield)
rNeg    . . .      Spirit   .    p - +0 chain mail
rPois   .          Reflect  .    (helmet restricted)
rElec   .          Harm     .    (no cloak)
rCorr   .          Rampage  .    (no gloves)
Will    .....                    (no boots)
Stlth   ..........               (no amulet)
HPRegen 0.28/turn                (no ring)
MPRegen 0.09/turn                (no ring)

@: confused, ambrosia-drunk, corroded
A: horns 2, retaliatory headbutt
a: no special abilities


You were on level 4 of the Dungeon.
You visited 1 branch of the dungeon, and saw 4 of its levels.

You collected 229 gold pieces.

Inventory:

Hand Weapons
 a - a +0 hand axe (weapon)
Missiles
 f - 17 stones (quivered)
 m - 10 poisoned darts
Armour
 o - a +0 scale mail
 p - a +0 chain mail (worn)
Scrolls
 b - 7 scrolls of teleportation {unknown}
 g - 6 scrolls of identify {unknown}
 i - a scroll of acquirement {unknown}
 j - 3 scrolls of immolation {unknown}
 k - a scroll of poison {unknown}
 l - 2 scrolls of amnesia {unknown}
 n - a scroll of butterflies {unknown}
Potions
 d - a potion of berserk rage {unknown}
 e - 2 potions of magic {unknown}
 h - 6 potions of curing {unknown}
 q - a potion of heal wounds {unknown}


   Skills:
 * Level 7.4 Fighting
 - Level 4.0 Axes
 - Level 3.6 Dodging
 - Level 2.0 Stealth


You had 4 spell levels left.
You didn't know any spells.
Your spell library contained the following spells:

 Spells                   Type           Power      Damage    Failure   Level
 Kiss of Death            Conj/Necr      0%         2d5       100%        1
 Call Canine Familiar     Summ           0%         N/A       100%        3
 Confusing Touch          Hex            0%         N/A       100%        3
 Gell's Gravitas          Tloc           0%         N/A       100%        3
 Portal Projectile        Hex/Tloc       0%         N/A       100%        3
 Teleport Other           Tloc           0%         N/A       100%        3
 Dispel Undead            Necr           0%         3d6       100%        4
 Leda's Liquefaction      Hex/Erth       0%         N/A       100%        4
 Dispersal                Tloc           0%         N/A       100%        6


Dungeon Overview and Level Annotations

Branches:
Dungeon (4/15)
 Temple: D:4-7

Altars:
Qazlal


Innate Abilities, Weirdness & Mutations

You have a pair of horns on your head.
You reflexively headbutt those who attack you in melee.


Message History

A hobgoblin is nearby!
A kobold comes into view. It is wielding a +0 short sword.
A ball python, an endoplasm and a jelly come into view.
The ball python hisses angrily.
The endoplasm quivers.
The jelly quivers.
The hobgoblin hits you but does no damage.
You closely miss the hobgoblin.
The hobgoblin hits you but does no damage.
You hit the hobgoblin but do no damage. Your punch misses the hobgoblin.
The hobgoblin barely misses you.
The hobgoblin hits you but does no damage.
You hit the hobgoblin. You headbutt the hobgoblin.
You kill the hobgoblin!
An adder comes into view.
The adder hisses angrily.
You hit the endoplasm. You headbutt the endoplasm.
You kill the endoplasm!
You slash the kobold!
You kill the kobold!
You closely miss the ball python. You headbutt the ball python.
You kill the ball python!
You hit the jelly.
Your hands burn!
The jelly is moderately wounded.
The jelly hits you. The acid corrodes you!
You are splashed with acid!
You hit the jelly but do no damage. The acid corrodes you!
Your hands burn!
You headbutt the jelly, but do no damage.
The jelly is moderately wounded.
The jelly hits you. The acid corrodes you!
You are splashed with acid!
You are too injured to fight recklessly!
You hit the jelly but do no damage.
Your hands burn!
The jelly is moderately wounded.
The jelly hits you.
You are splashed with acid!
* * * LOW HITPOINT WARNING * * *
You are confused.
You feel invigorated. The jelly hits you.
You are splashed with acid!
* * * LOW HITPOINT WARNING * * *
The jelly attacks as you move away! The jelly hits you.
* * * LOW HITPOINT WARNING * * *
You are splashed with acid!
You die...

........ .......#
...... ##### #....
....< ...# .
....##..# ##..
####..#$.# .....
...#..#..##....#
#.......@JS...#
###.....##....#
..###....## .....
........)## ###..###
.....###..###.##...#
..####........†....#
###.
###..#......##...
....####.......#...#
.....>........#...#


You could see a jelly and an adder.

Vanquished Creatures
  A black bear (D:4)
  An orc priest (D:4)
  An orc wizard (D:4)
  A gnoll (D:1)
  3 adders
  A worm (D:2)
  4 dart slugs
  3 orcs
  8 bats
  8 endoplasms
  2 giant cockroaches
  4 goblins
  6 hobgoblins
  2 jackals (D:1)
  4 kobolds
  3 quokkas
  4 ball pythons
  7 frilled lizards
  3 rats
66 creatures vanquished.

Vanquished Creatures (others)
  5 plants (D:4)
5 creatures vanquished.

Grand Total: 71 creatures vanquished

Notes
Turn   | Place    | Note
-------+----------+-------------------------------------------
     0 | D:1      | themarg the Minotaur Monk began the quest for the Orb.
     0 | D:1      | Reached XP level 1. HP: 19/19 MP: 0/0
    75 | D:1      | Reached XP level 2. HP: 27/27 MP: 1/1
   118 | D:1      | Reached skill level 4 in Fighting
   388 | D:1      | Reached XP level 3. HP: 30/33 MP: 2/2
   964 | D:2      | Reached skill level 5 in Fighting
  1005 | D:2      | Reached XP level 4. HP: 42/42 MP: 3/3
  1217 | D:2      | Identified the +5 scale mail of Darkness {Drain Dex+5}
  1910 | D:3      | Found a stormy altar of Qazlal.
  2047 | D:4      | Noticed a black bear
  2057 | D:4      | Killed a black bear
  2058 | D:4      | Reached skill level 6 in Fighting
  2058 | D:4      | Reached XP level 5. HP: 35/51 MP: 4/4
  2141 | D:4      | Reached skill level 7 in Fighting
  2281 | D:4      | Splashed by a jelly's acid

Illustrated notes

Levels and vault maps discovered:
D:1:      lemuel_arrival_rhombus, layout_basic
D:2:      layout_basic, grunt_decor_fettered, minmay_pentomino_z4
D:3:      layout_basic, lemuel_round_altar
D:4:      layout_cave_pools, marbit_many_paths, hangedman_abyss_or_decor_stabs,
          serial_bayou_pond_c

Skill      XL: |  1  2  3  4  5 |
---------------+----------------+-----
Stealth        | 2 |  2.0
Fighting       | 4 5 6 7 |  7.4
Axes           | 4 |  4.0
Dodging        | |  3.6

Action                   |  1- 3 |  4- 6 || total
-------------------------+-------+-------++-------
Melee: Hand axe          |    67 |    84 ||   151
       Headbutt          |     8 |    15 ||    23
       Punch             |       |     2 ||     2
  Use: Potion            |       |     1 ||     1
 Stab: Sleeping          |       |     1 ||     1
Armor: Ring mail         |    28 |     4 ||    32
       Scale mail        |       |    13 ||    13
       Chain mail        |       |    16 ||    16
Dodge: Dodged            |    45 |    40 ||    85

Table legend: (Time is in decaauts)
 A = Elapsed time spent in this place.
 B = Non-inter-level travel time spent in this place.
 C = Inter-level travel time spent in this place.
 D = Time resting spent in this place.
 E = Time spent auto-exploring this place.
 F = Levels seen in this place.
 G = Mean time per level.
                   A        B        C        D        E       F      G
               +--------+--------+--------+--------+--------+-----+--------+
         Total |   2295 |   2144 |    151 |     14 |   1709 |   4 |  573.8 |
       Dungeon |   2295 |   2144 |    151 |     14 |   1709 |   4 |  573.8 |
               +--------+--------+--------+--------+--------+-----+--------+

Top non-repeatable levels by time:
     D:1: 838 daAuts
     D:3: 620 daAuts
     D:2: 597 daAuts
     D:4: 239 daAuts
